 Dungeon Crawl Stone Soup version 0.20.1-1-g8b1a95d (webtiles) character file.

321 myopia the Conjurer (level 6, 0/36 HPs)
             Began as a Deep Elf Wizard on Jan 1, 2018.
             Succumbed to Crazy Yiuf's poison
             ... on level 3 of the Dungeon.
             The game lasted 00:30:18 (3439 turns).

myopia the Conjurer (Deep Elf Wizard)               Turns: 3439, Time: 00:30:19

Health: 0/36       AC:  7    Str:  4    XL:     6   Next: 22%
Magic:  14/14      EV: 12    Int: 23    God:
Gold:   146        SH:  3    Dex: 13    Spells: 4/13 levels left

rFire    . . .     SeeInvis .   l - +0 dagger
rCold    . . .     Gourm    .   q - +0 buckler
rNeg     . . .     Faith    .   a - +0 robe
rPois    .         Spirit   .   n - +0 helmet
rElec    .         Reflect  .   (no cloak)
rCorr    .         Harm     .   e - +2 pair of gloves
MR       .....                  (no boots)
Stlth    ++........             v - amulet of magic regeneration
Regen    0.2/turn               (no ring)
MPRegen  0.3/turn               (no ring)

@: lethally poisoned (0 -> -5), flying, hasted, drained, very quick
A: rugged brown scales 1, dopey 1, robust 1
a: no special abilities


You were on level 3 of the Dungeon.
You were not hungry.

You visited 1 branch of the dungeon, and saw 4 of its levels.

You collected 146 gold pieces.

Inventory:

Hand Weapons
 k - a +0 blowgun
 l - a +0 dagger (weapon)
 y - a +0 dagger
Missiles
 j - 6 poisoned needles
 p - 149 stones (quivered)
 A - 9 arrows
Armour
 a - a +0 robe (worn)
 b - a +1 hat
 e - a +2 pair of gloves (worn)
 n - a +0 helmet (worn)
 q - a +0 buckler (worn)
Jewellery
 v - an amulet of magic regeneration (around neck)
Scrolls
 h - 2 scrolls of fog
 u - a scroll of teleportation
Books
 c - a book of Minor Magic

   Spells                             Type                      Level
   a - Magic Dart                     Conjuration                  1
   b - Blink                          Translocation                2
   c - Call Imp                       Summoning                    2
   d - Slow                           Hexes                        2
   e - Conjure Flame                  Conjuration/Fire             3
   f - Mephitic Cloud                 Conjuration/Poison/Air       3
 x - a book of Maledictions

   Spells                             Type                      Level
   a - Corona                         Hexes                        1
   b - Ensorcelled Hibernation        Hexes/Ice                    2
   c - Confuse                        Hexes                        3
   d - Tukima's Dance                 Hexes                        3
   e - Dazzling Spray                 Conjuration/Hexes            3
Comestibles
 d - 2 bread rations
 f - 4 meat rations
 g - 2 royal jellies
 i - 7 fruits


   Skills:
 - Level 2.4(2.1) Dodging
 - Level 2.4(2.1) Stealth
 - Level 4.4(4.0) Spellcasting
 - Level 6.3(5.9) Conjurations
 + Level 3.3(3.0) Hexes
 - Level 1.1(0.8) Summonings
   Level 1.1(0.8) Translocations


You had 4 spell levels left.
You knew the following spells:

 Your Spells              Type           Power        Failure   Level  Hunger
a - Magic Dart            Conj           ####         1%          1    None
b - Mephitic Cloud        Conj/Pois/Air  ##......     22%         3    ##.....
c - Call Imp              Summ           #.......     19%         2    #......
d - Dazzling Spray        Conj/Hex       ####..       9%          3    ##.....


Dungeon Overview and Level Annotations

Branches:
Dungeon (4/15)
 Temple: D:4-7

Altars:
Yredelemnul

Annotations:
D:3 Crazy Yiuf


Innate Abilities, Weirdness & Mutations

You are partially covered in rugged brown scales. (AC +1, +3% HP)
You are dopey. (Int -2)
You are robust. (+10% HP)


Message History

You feel sick.
Crazy Yiuf howls, "Help!"
As you read the scroll labeled QAEFFA ORYXUG, it crumbles to dust.
It is a scroll of identify.
v - an uncursed amulet of magic regeneration Put on which piece of jewellery? (? for menu, Esc to quit)
The amulet hums as it attunes itself to your energized body.
v - an amulet of magic regeneration (around neck)
* * * LOW HITPOINT WARNING * * *
You feel sick.
You aren't carrying any potions.
* * * LOW HITPOINT WARNING * * *
You feel sick.
* * * LOW HITPOINT WARNING * * *
You feel sick.
* * * LOW HITPOINT WARNING * * *
You feel sick.
* * * LOW HITPOINT WARNING * * *
You feel sick.
You die...

....####.##.##..###..# #..)#
....####.##..#..##)..# #).)#
..#.##.............### ...
.......#.####.#.#.<.## #'#
..##.....## #.#.#.#..### ♣♣)♣
..#####...# #.#.#.#....# ♣g♣♣
#...####..###>#...#....# ♣♣.♣
)..........##.#..##....# ♣.♣♣
#.<...##........@......# ♣♣.♣♣
#.....##..##.[#..##....#
♣)PP♣♣
##.........#.##..##....#
♣P...♣ #.##..###.#.##..##....#
#.[..#
#.#..##.....#...#####.###....#
#...###.....#...# #........#
#.### #.....#...# #####...##
### #.....#...# #####
#.....#...#


There were no monsters in sight!

Vanquished Creatures
  An orc priest (D:3)
  4 orc wizards (D:3)
  Robin (D:3)
  A gnoll (D:3)
  5 adders
  An ooze (D:1)
  3 worms
  3 dart slugs
  4 orcs (D:3)
  3 giant cockroaches
  17 goblins
  8 hobgoblins
  3 jackals (D:1)
  4 kobolds
  A quokka (D:3)
  A ball python (D:2)
  8 bats
  3 frilled lizards
  10 rats
81 creatures vanquished.

Vanquished Creatures (collateral kills)
  2 gnolls
  A rat (D:3)
3 creatures vanquished.

Vanquished Creatures (others)
  A plant (D:1)
1 creature vanquished.

Grand Total: 85 creatures vanquished

Notes
Turn   | Place    | Note
-------+----------+-------------------------------------------
     0 | D:1      | myopia the Deep Elf Wizard began the quest for the Orb.
     0 | D:1      | Reached XP level 1. HP: 10/10 MP: 7/7
   124 | D:1      | Reached skill level 2 in Conjurations
   250 | D:1      | Reached XP level 2. HP: 15/15 MP: 6/9
   578 | D:1      | Reached skill level 3 in Conjurations
   788 | D:1      | Reached XP level 3. HP: 9/19 MP: 6/10
  1061 | D:2      | Learned a level 3 spell: Mephitic Cloud
  1427 | D:2      | Reached skill level 4 in Conjurations
  1445 | D:2      | Found a runed door.
  1445 | D:2      | Noticed a human
  1448 | D:2      | Found a basalt altar of Yredelemnul.
  1670 | D:2      | Reached XP level 4. HP: 19/24 MP: 6/12
  1728 | D:2      | Learned a level 2 spell: Call Imp
  2057 | D:3      | Reached skill level 5 in Conjurations
  2185 | D:3      | Reached XP level 5. HP: 28/28 MP: 8/13
  2473 | D:3      | Reached skill level 6 in Conjurations
  2589 | D:3      | Learned a level 3 spell: Dazzling Spray
  2646 | D:3      | Reached skill level 1 in Hexes
  2764 | D:3      | Noticed Robin
  2826 | D:3      | Reached XP level 6. HP: 13/32 MP: 2/14
  3070 | D:3      | Killed Robin
  3378 | D:3      | Found a runed door.
  3382 | D:3      | Noticed Crazy Yiuf
  3414 | D:3      | Gained mutation: You are partially covered in rugged brown scales. (AC +1, +3% HP) [potion of mutation]
  3414 | D:3      | Gained mutation: You are dopey. (Int -2) [potion of mutation]
  3414 | D:3      | Gained mutation: You are robust. (+10% HP) [potion of mutation]
  3436 | D:3      | HP: 1/36 [poisoned by Crazy Yiuf]
  3439 | D:3      | Succumbed to Crazy Yiuf's poison

Skill      XL: |  1  2  3  4  5  6 |
---------------+-------------------+-----
Conjurations   | 2 3 4 5 6 |  6.3
Hexes          | 2 3 |  3.3
Dodging        | |  2.4
Stealth        | |  2.4
Spellcasting   | |  4.4
Summonings     | |  1.1
Translocations | |  1.1

Action                   |  1- 3 |  4- 6 || total
-------------------------+-------+-------++-------
Melee: Unarmed           |     9 |    12 ||    21
       Dagger            |       |    23 ||    23
 Fire: Hunting sling     |     3 |       ||     3
 Cast: Magic Dart        |    85 |   122 ||   207
       Mephitic Cloud    |     1 |     2 ||     3
       Call Imp          |       |     4 ||     4
       Dazzling Spray    |       |     6 ||     6
  Use: Potion            |     2 |     5 ||     7
       Scroll            |     7 |     4 ||    11
 Stab: Distracted        |       |     1 ||     1
  Eat: Chunk             |     2 |     6 ||     8
Armor: Robe              |     9 |    25 ||    34
Dodge: Dodged            |    16 |    38 ||    54
Block: Buckler           |       |     7 ||     7
